Map: Orbital Shipyard

Players

mikka

  • Race: Protoss Protoss

Vedran - Winner!

  • Race: Protoss Protoss

VOD

Have the link to the VOD?

Description

Time

  • Played on: Feb. 23, 2016, 5:25 p.m.
  • Length: 22:10
Show
View Real Time Build Order
Export as new Build Order

mikka Protoss 

Build Orders: 1 Gate Expand 

Get SALT Encoding   

  12  0:01  Probe (Chrono Boost)  
  13  0:11  Probe (Chrono Boost)  
  14  0:18  Pylon  
  14  0:24  Assimilator  
  14  0:28  Probe (Chrono Boost)  
  15  0:40  Gateway  
  15  0:43  Probe (Chrono Boost)  
  16  0:50  Assimilator  
  16  0:53  Probe (Chrono Boost)  
  17  1:24  Nexus  
  17  1:39  Cybernetics Core  
  17  1:52  Pylon  
  17  2:10  Gateway  
  17  2:16  Warp Gate (Chrono Boost)  
  17  2:20  Mothership Core  
  19  2:40  Forge  
  19  2:43  Probe  
  20  2:53  Probe  
  21  3:04  Probe, Adept (Chrono Boost)  
  24  3:15  Probe  
  25  3:25  Probe  
  26  3:36  Probe  
  26  3:37  Photon Cannon  
  27  3:42  Pylon  
  27  3:46  Probe  
  28  3:48  Assimilator  
  28  3:53  Assimilator  
  28  3:57  Probe  
  28  3:59  Pylon  
  29  4:07  Probe  
  30  4:18  Probe  
  31  4:41  Adept x2  
  35  4:48  Robotics Facility  
  35  4:52  Stargate  
  28  5:33  Photon Cannon  
  28  5:37  Photon Cannon  
  28  5:43  Photon Cannon  
  28  5:48  Probe  
  29  6:00  Probe  
  30  6:12  Probe  
  31  6:24  Probe  
  32  6:30  Stalker  
  32  6:31  Stalker  
  34  6:37  Probe  
  34  6:39  Observer  
  36  6:40  Void Ray  
  36  6:46  Stargate  
  40  6:49  Probe  
  41  6:55  Pylon  
  41  7:01  Probe  
  42  7:09  Pylon  
  42  7:13  Probe  
  43  7:20  Photon Cannon  
  43  7:22  Photon Cannon  
  43  7:23  Void Ray (Chrono Boost)  
  43  7:25  Probe  
  43  7:28  Pylon  
  48  7:32  Probe  
  49  7:42  Probe  
  50  7:54  Probe  
  55  8:04  Void Ray (Chrono Boost)  
  55  8:06  Probe  
  55  8:12  Gateway  
  56  8:15  Gateway  
  56  8:19  Probe  
  57  8:26  Stalker  
  59  8:31  Probe  
  60  8:43  Probe  
  61  8:55  Probe  
  62  8:59  Stalker x2  
  66  9:07  Probe  
  65  9:19  Void Ray (Chrono Boost)  
  73  9:26  Void Ray (Chrono Boost)  
  73  9:32  Stalker  
  73  9:33  Stalker  
  77  9:39  Nexus  
  77  9:42  Assimilator  
  77  9:52  Observer  
  78  9:57  Stalker x2  
  82  10:00  Protoss Ground Weapons Level 1  
  82  10:06  Pylon  
  82  10:09  Pylon  
  82  10:11  Assimilator  
  82  10:12  Stalker  
  84  10:18  Probe  
  85  10:29  Protoss Air Weapons Level 1  
  85  10:30  Probe  
  86  10:42  Probe  
  87  11:13  Stalker  
  87  11:14  Stalker x3  
  95  11:22  Void Ray (Chrono Boost)  
  103  11:26  Void Ray (Chrono Boost), Probe  
  103  11:32  Probe  
  105  11:36  Probe  
  106  11:47  Probe  
  106  11:53  Stalker x3  
  113  11:54  Protoss Ground Armor Level 1  
  113  11:57  Probe  
  114  12:06  Pylon  
  114  12:21  Stalker  
  114  12:22  Stalker x2  
  114  12:23  Protoss Air Armor Level 1  
  88  12:50  Stalker x4  
  96  13:09  Probe  
  97  13:17  Void Ray (Chrono Boost)  
  105  13:20  Observer, Void Ray (Chrono Boost), Probe  
  107  13:28  Stalker x2  
  107  13:30  Probe  
  112  13:40  Stalker x2  
  112  13:41  Probe  
  105  13:48  Protoss Shields Level 1  
  105  13:51  Probe  
  105  13:54  Void Ray (Chrono Boost)  
  94  14:03  Void Ray (Chrono Boost), Stalker x2  
  94  14:04  Stalker x2  
  90  14:28  Stalker  
  90  14:30  Stalker x3  
  86  14:43  Void Ray (Chrono Boost)  
  88  15:04  Stalker x3  
  88  15:05  Stalker  
  86  15:07  Probe  
  87  15:18  Probe  
  87  15:20  Void Ray (Chrono Boost)  
  92  15:25  Twilight Council  
  92  15:28  Probe  
  93  15:38  Zealot x3  
  93  15:39  Probe, Zealot  
  102  15:49  Probe  
  103  16:00  Probe  
  108  16:06  Void Ray (Chrono Boost), Mothership Core  
  108  16:10  Probe  
  110  16:12  Fleet Beacon  
  111  16:21  Probe  
  112  16:31  Probe  
  112  16:37  Stalker x2  
  112  16:38  Stalker  
  123  16:49  Void Ray (Chrono Boost)  
  123  16:55  Stalker  
  125  17:02  Pylon  
  125  17:04  Pylon  
  125  17:10  Photon Cannon  
  125  17:14  Photon Cannon  
  112  17:40  Pylon  
  112  17:42  Pylon  
  112  17:48  Pylon  
  112  17:49  Pylon  
  112  18:06  Stalker  
  114  18:30  Stalker x2  
  118  18:46  Stalker  
  84  19:19  Stalker x2  
  70  19:50  Stalker  
  48  21:59  Stalker  
Show
View Real Time Build Order
Export as new Build Order

Vedran Protoss - Winner!

Build Orders: 1 Gate Expand, Oracle Opening 

Get SALT Encoding   

  12  0:01  Probe (Chrono Boost)  
  13  0:12  Probe (Chrono Boost)  
  14  0:17  Pylon  
  14  0:22  Probe (Chrono Boost)  
  15  0:36  Probe (Chrono Boost)  
  15  0:42  Gateway  
  16  0:46  Probe (Chrono Boost)  
  16  0:49  Assimilator  
  18  0:57  Probe (Chrono Boost)  
  18  1:17  Probe (Chrono Boost)  
  19  1:20  Nexus  
  19  1:28  Probe (Chrono Boost)  
  20  1:33  Cybernetics Core  
  20  1:41  Pylon  
  20  1:44  Probe (Chrono Boost)  
  21  1:55  Probe (Chrono Boost)  
  21  1:56  Assimilator  
  22  2:02  Zealot (Chrono Boost)  
  24  2:26  Adept (Chrono Boost)  
  26  2:31  Stargate  
  26  2:38  Pylon  
  26  2:43  Gateway, Probe  
  26  2:47  Probe  
  28  2:53  Probe  
  29  2:59  Gateway, Probe  
  29  3:04  Probe  
  30  3:11  Probe  
  32  3:15  Probe  
  33  3:23  Probe  
  33  3:25  Probe  
  35  3:30  Robotics Facility  
  35  3:35  Probe  
  35  3:36  Oracle (Chrono Boost), Probe  
  40  3:46  Warp Gate (Chrono Boost)  
  40  3:50  Adept (Chrono Boost)  
  42  3:56  Twilight Council  
  42  4:03  Assimilator  
  42  4:05  Assimilator  
  42  4:10  Pylon  
  47  4:35  Stalker x2 (Chrono Boost)  
  46  4:40  Stalker (Chrono Boost)  
  46  5:20  Adept x2 (Chrono Boost)  
  49  5:22  Adept (Chrono Boost)  
  49  5:36  Gateway  
  49  5:37  Observer (Chrono Boost)  
  50  5:45  Adept  
  52  5:52  Nexus  
  52  5:55  Pylon  
  52  5:58  Pylon  
  50  6:35  Adept (Chrono Boost)  
  50  6:37  Adept (Chrono Boost)  
  50  6:38  Adept x2 (Chrono Boost)  
  58  6:58  Assimilator  
  58  7:00  Adept (Chrono Boost)  
  62  7:03  Assimilator  
  62  7:04  Adept x2 (Chrono Boost)  
  62  7:05  Adept (Chrono Boost)  
  66  7:27  Probe  
  67  7:38  Gateway, Probe  
  67  7:42  Gateway  
  68  7:44  Gateway  
  68  7:47  Gateway  
  68  7:48  Probe  
  68  7:49  Gateway  
  68  7:51  Gateway  
  68  7:56  Gateway  
  68  7:59  Probe  
  68  8:05  Pylon  
  69  8:09  Forge  
  69  8:17  Adept x2 (Chrono Boost)  
  69  8:18  Forge  
  77  8:20  Adept (Chrono Boost)  
  77  8:21  Adept (Chrono Boost)  
  57  9:07  Charge (Chrono Boost)  
  57  9:16  Probe  
  54  9:28  Probe  
  55  9:51  Protoss Ground Weapons Level 1  
  55  9:53  Protoss Ground Armor Level 1  
  55  9:55  Pylon  
  55  10:07  Dark Shrine  
  55  10:09  Probe x2  
  57  10:20  Probe  
  57  10:21  Probe  
  59  10:30  Probe  
  59  10:32  Zealot x4  
  59  10:33  Zealot x6  
  59  10:34  Zealot  
  82  10:41  Probe  
  76  10:51  Probe  
  73  11:04  Stalker x4  
  75  11:05  Stalker x2  
  83  11:11  Stalker x3  
  83  11:12  Stalker x2  
  83  11:18  Nexus  
  93  11:23  Phoenix  
  95  11:29  Stalker x3  
  101  11:38  Pylon  
  101  11:41  Pylon  
  101  11:51  Blink (Chrono Boost)  
  101  11:56  Phoenix, Pylon  
  101  12:01  Stalker x5  
  107  12:02  Stalker  
  107  12:03  Pylon  
  87  12:37  Stalker x6  
  71  12:38  Stalker  
  67  12:50  Probe  
  58  13:01  Observer, Probe  
  60  13:07  Stalker x2  
  60  13:08  Stalker x2  
  60  13:11  Probe  
  69  13:22  Probe  
  70  13:30  Stalker x3  
  70  13:31  Stalker  
  70  13:33  Probe  
  79  13:45  Stalker  
  79  13:46  Stalker x3  
  69  13:59  Stalker  
  69  14:01  Stalker  
  57  14:10  Zealot x2  
  57  14:11  Zealot x5  
  57  14:12  Zealot x2  
  65  14:29  Zealot  
  65  14:30  Zealot x2  
  71  14:33  Zealot  
  71  14:36  Zealot  
  71  14:37  Zealot x3  
  81  14:42  Probe  
  82  14:53  Probe  
  81  15:03  Probe  
  82  15:11  Stalker x3  
  82  15:12  Stalker x3  
  94  15:32  Pylon  
  94  15:35  Protoss Ground Weapons Level 2 (Chrono Boost), Pylon  
  94  15:37  Probe  
  95  15:46  Assimilator  
  95  15:47  Probe  
  95  15:49  Assimilator  
  96  15:57  Stalker  
  96  15:58  Stalker x4, Probe  
  96  16:01  Stalker  
  96  16:03  Zealot  
  111  16:08  Probe  
  112  16:14  Protoss Ground Armor Level 2 (Chrono Boost)  
  112  16:19  Probe  
  113  16:29  Probe  
  113  16:32  Nexus  
  114  16:38  Stalker x3  
  120  16:40  Probe  
  121  17:43  Stalker x4  
  121  17:44  Stalker x5  
  133  17:45  Stalker x2  
  143  17:53  Observer, Resonating Glaives  
  143  17:58  Probe  
  145  18:08  Probe  
  146  18:18  Protoss Ground Armor Level 3 (Chrono Boost)  
  146  18:19  Probe  
  147  18:30  Stalker x4  
  147  18:31  Stalker x5, Protoss Ground Weapons Level 3 (Chrono Boost)  
  147  18:32  Stalker x2  
  169  18:43  Pylon  
  169  18:45  Pylon  
  169  18:50  Probe  
  170  19:01  Probe  
  105  19:18  Stalker x2  
  105  19:19  Stalker x6  
  105  19:20  Stalker x3  
  99  19:41  Stalker x2  
  99  19:42  Stalker x6  
  99  19:43  Stalker x3  
  107  20:07  Stalker x2  
  107  20:08  Stalker x5  
  107  20:09  Stalker  
  123  20:15  Probe  
  124  20:23  Stalker x3  
  124  20:26  Probe  
  131  20:36  Probe  
  128  21:18  Stalker x4  
  132  21:19  Stalker x5  
  132  21:20  Stalker  
  147  21:38  Stalker  
  149  21:44  Stalker x3  
Tags
 
Add a new tag
Caveats
  • Supply blocks, unpowered buildings, or Contaminate may cause inaccurate times.
  • Supply counts are checked every 10 seconds.